 Dungeon Crawl Stone Soup version 0.23.2-33-g5129a83184 (webtiles) character file.

Game seed: 12810314302917854491

48383 t4s4d4r the Geomancer (level 14, -4/88 HPs)
             Began as a Gargoyle Earth Elementalist on July 2, 2019.
             Was a High Priest of Makhleb.
             Shot with a bolt by a yaktaur captain (48 damage)
             ... on level 15 of the Dungeon.
             The game lasted 00:59:40 (23102 turns).

t4s4d4r the Geomancer (GrEE)                       Turns: 23102, Time: 00:59:41

Health: -4/88      AC: 24    Str: 13    XL:     14   Next: 46%
Magic:  15/25      EV: 12    Int: 20    God:    Makhleb [*****.]
Gold:   1022       SH:  3    Dex: 12    Spells: 13/27 levels left

rFire    . . .     SeeInvis .   a - staff of earth
rCold    + . .     Gourm    .   (no shield)
rNeg     + . .     Faith    .   P - +0 steam dragon scales
rPois    ∞         Spirit   .   y - +2 helmet
rElec    +         Reflect  +   B - +1 cloak
rCorr    .         Harm     .   e - +0 pair of gloves
MR       +....                  m - +2 pair of boots
Stlth    +++.......             H - +3 amulet of reflection
HPRegen  0.24/turn              q - +2 ring of dexterity
MPRegen  0.19/turn              g - ring of protection from cold

@: flying, studying Armour
A: big wings, negative energy resistance 1, electricity resistance, unbreathing,
petrification resistance, rot immunity, AC +10
a: Stop Flying, Minor Destruction, Lesser Servant of Makhleb, Major Destruction,
Greater Servant of Makhleb, Renounce Religion


You were on level 15 of the Dungeon.
You worshipped Makhleb.
Makhleb was extremely pleased with you.
You were not hungry.

You visited 2 branches of the dungeon, and saw 16 of its levels.
You also visited: Bailey.

You collected 1194 gold pieces.
You spent 172 gold pieces at shops.

Inventory:

Hand Weapons
 b - a +4 flail
 Q - a +2 flail of protection
Missiles
 L - 2 throwing nets
 M - 318 stones (quivered)
Armour
 e - a +0 pair of gloves (worn)
 m - a +2 pair of boots (worn)
 y - a +2 helmet (worn)
 B - a +1 cloak (worn)
 P - +0 steam dragon scales (worn)
 R - a +0 troll leather armour
Magical Staves
 a - an uncursed staff of earth (weapon)
 S - an uncursed staff of death
Jewellery
 c - the ring of Xoblonn {Ice rN++ MP+9 Str+2 Dex-2}
   (You took it off an orc wizard on level 10 of the Dungeon)

   [ring of ice]

   It enhances your ice magic.
   It affects your strength (+2).
   It affects your dexterity (-2).
   It makes you vulnerable to fire.
   It protects you from cold.
   It greatly protects you from negative energy.
   It affects your magic capacity (+9).
 g - a ring of protection from cold (right hand)
 q - a +2 ring of dexterity (left hand)
 x - an uncursed ring of positive energy
 C - an uncursed ring of resist corrosion
 H - a +3 amulet of reflection (around neck)
Wands
 D - a wand of scattershot (7)
 G - a wand of disintegration (19)
 N - a wand of polymorph (9)
 O - a wand of flame (27)
 X - a wand of random effects (9)
Scrolls
 f - 2 scrolls of blinking {unknown}
 i - 3 scrolls of enchant weapon
 j - 2 scrolls of fear
 k - 9 scrolls of teleportation
 l - a scroll of fog {unknown}
 o - a scroll of magic mapping
 r - 3 scrolls of remove curse
 t - a scroll of immolation
 A - a scroll of summoning {unknown}
 F - a scroll of noise {unknown}
 T - a scroll of amnesia
 V - 3 scrolls of identify
Potions
 h - 5 potions of agility
 n - 2 potions of heal wounds
 p - a potion of mutation
 s - 3 potions of flight
 u - 3 potions of might
 v - 2 potions of haste
 w - a potion of invisibility
 z - 2 potions of berserk rage
 E - 4 potions of lignification
 J - 2 potions of curing
 K - a potion of magic
Books
 U - a manual of Armour
Comestibles
 d - 22 rations
 I - 4 chunks of flesh


   Skills:
 - Level 10.9 Fighting
 - Level 5.8 Staves
 - Level 1.5 Dodging
 - Level 7.1 Stealth
 + Level 7.4 Spellcasting
 - Level 3.2 Conjurations
 - Level 6.6 Necromancy
   Level 0.7 Transmutations
 - Level 14.2 Earth Magic
 * Level 13.3 Invocations
 - Level 4.4 Evocations


You had 13 spell levels left.
You knew the following spells:

 Your Spells              Type           Power        Failure   Level  Hunger
a - Sandblast             Erth           ######       1%          1    None
b - Stone Arrow           Conj/Erth      ######       1%          3    #......
c - Lee's Rapid Deconstr  Erth           #######...   1%          5    #####..
d - Borgnjor's Vile Clut  Necr/Erth      ######....   3%          5    #####..

Your spell library contained the following spells:

 Spells                   Type           Power        Failure   Level  Hunger
 Passwall                 Tmut/Erth      ######..     1%          2    None
 Shock                    Conj/Air       ##..         4%          1    None
 Petrify                  Tmut/Erth      ######..     4%          4    ###....
 Corona                   Hex            #......      9%          1    None
 Ensorcelled Hibernation  Hex/Ice        #.....       14%         2    None
 Swiftness                Chrm/Air       #.......     14%         2    None
 Dazzling Spray           Conj/Hex       ##....       14%         3    #......
 Static Discharge         Conj/Air       ##......     14%         3    #......
 Confuse                  Hex            #.......     26%         3    #......
 Tukima's Dance           Hex            #.......     26%         3    #......
 Airstrike                Air            #.........   65%         4    ###....
 Cause Fear               Hex            #.........   65%         4    ###....
 Lightning Bolt           Conj/Air       ##........   78%         5    #####..
 Yara's Violent Unravell  Hex/Tmut       #.........   91%         5    #####..
 Silence                  Hex/Air        #.........   94%         5    #####..
 Darkness                 Hex            #.........   100%        6    ######.
 Deflect Missiles         Chrm/Air       #.........   100%        6    ######.
 Shadow Creatures         Summ           N/A          100%        6    ######.
 Discord                  Hex            #.........   100%        8    #######


Dungeon Overview and Level Annotations

Branches:
Dungeon (15/15)            Temple (1/1) D:7            Lair (0/6) D:11
    Orc (0/2) D:10         Vaults (0/5) D:13
 Depths: D:15

Altars:
Ashenzari
Cheibriados
Dithmenos
Elyvilon
Fedhas
Gozag
Hepliaklqana
Kikubaaqudgha
Makhleb
Nemelex Xobeh
Okawaru
Qazlal
Ru
Sif Muna
Trog
Uskayaw
Vehumet
Wu Jian
Xom
Yredelemnul
Zin
The Shining One

Shops:
D:7 =

Annotations:
D:5 3 runed translucent doors, RatmanManrat's ghost, novice MiBe
D:6 1 runed translucent door, bmj180's ghost, novice MiFi
D:13 3 runed translucent doors, Exporg's ghost, journeyman HOBe; Rupert; dhn's ghost, journeyman MiFi


Innate Abilities, Weirdness & Mutations

You are resistant to torment.
Your stone body is resilient. (AC +10)
You are immune to poison.
Your large and strong wings let you fly indefinitely.
You resist negative energy. (rN+)
You are resistant to electric shocks. (rElec)
You can survive without breathing.
You are immune to petrification.
You are immune to rotting.


Message History

Aim: a yaktaur captain, wielding a -2 arbalest (lightly wounded)
You feel a surge of power!
The stone arrow hits the yaktaur captain!
The yaktaur captain is moderately wounded.
The yaktaur captain shoots a bolt.
The bolt hits you!!
There is an open door here.
You reach down and close the door.
You start resting.
A yaktaur captain opens the door.
It is wielding a -2 arbalest.
Casting: Stone Arrow (safe; 1% risk of failure)
Confirm with . or Enter, or press ? or * to list all spells.
Aiming: Lee's Rapid Deconstruction (safe; 1% risk of failure)
Press: ? - help, Dir - move target cursor, p - yaktaur captain A stone wall.
You feel a surge of power!
The wall shatters!
The blast of rock fragments hits the yaktaur captain!!
The yaktaur captain is heavily wounded.
The yaktaur captain shoots a bolt.
The bolt hits you!!!
Ouch! That really hurt!
You die...

#..#.#...#.....##.............#..
.#u#..........)...............)()
#..#.#.)#########################
..##.#.####.#######.#############
###..#(##......#......##≈≈≈≈≈≈≈≈≈
....#.(# #.#'#..#..##≈P.......
.###...# #.c#.......#≈P..P.._.
.......# #..#'#..#..##≈P⌠....).
..#######......#@.....##≈P....8..
.## ##.#.####.#.#.##≈≈≈≈≈≈≈≈8 .#
##c# ##'#'######'#'#≈≈ .# ##
#.#.#.####)#.###≈ .#
#......#......#'≈ .#
#..##.#'#.#....#≈ .#
#.#.#..#......#+≈ .#
#.##..#'#...#..#≈ .#
##(.....#....^.##≈


You could see a yaktaur captain.

Vanquished Creatures
  Nessos (D:14)
  A yaktaur captain (D:13)
  A fire dragon (D:15)
  3 hydras
  7 centaur warriors
  4 two-headed ogres
  An ogre mage (D:15)
  2 tengu warriors (D:13)
  6 skeletal warriors
  7 unseen horrors
  5 orc knights
  3 deep elf magi
  A manticore (D:15)
  8 ugly things
  2 cyclopes
  A gargoyle (D:13)
  2 yaktaurs (D:13)
  A kobold demonologist (D:15)
  A harpy zombie (D:15)
  4 trolls
  A hornet (D:13)
  4 hippogriffs
  11 slime creatures
  A shadow (D:13)
  A vampire (D:10)
  A tarantella (shapeshifter) (D:14)
  2 wyverns (D:9)
  A wyvern (shapeshifter) (D:15)
  A basilisk (D:15)
  12 yaks
  A wraith (D:13)
  2 steam dragons
  2 hungry ghosts
  Menkaure (D:6)
  3 wargs
  5 vampire mosquitoes
  An acid dragon (shapeshifter) (D:13)
  2 soldier ants
  3 ice beasts
  3 porcupines (D:11)
  4 black bears
  12 orc warriors
  5 sky beasts
  2 eyes of draining
  5 ogres
  A phantom (D:6)
  8 centaurs
  A necrophage (D:9)
  16 bullfrogs
  A wyvern skeleton (D:11)
  4 scorpions
  9 wights
  9 killer bees
  A troll skeleton (D:9)
  9 howler monkeys
  A spriggan skeleton (D:9)
  9 crimson imps
  5 centaur zombies
  A quasit (D:10)
  Crazy Yiuf (D:4)
  6 jellies
  2 bullfrog skeletons
  6 orc priests
  10 centaur skeletons
  9 hounds
  15 orc wizards
  Jessica (D:2)
  3 iguanas
  15 worker ants
  2 hound zombies
  A hound skeleton (D:8)
  Robin (D:4)
  2 worker ant zombies
  3 howler monkey skeletons
  10 gnolls
  13 adders
  4 shadow imps
  3 oozes
  An adder zombie (D:8)
  An adder skeleton (D:9)
  4 worms
  3 dart slugs (D:3)
  3 leopard geckos
  38 orcs
  7 giant cockroaches
  2 gnoll zombies (D:6)
  20 goblins
  14 hobgoblins
  7 jackals
  24 kobolds
  2 quokkas
  3 ball pythons
  16 bats
  7 frilled lizards
  A jackal skeleton (D:8)
  5 rats
487 creatures vanquished.

Vanquished Creatures (others)
  A bullfrog skeleton (D:10)
  2 kobolds (Bailey)
  10 fungi (D:11)
  4 plants (D:11)
  4 withered plants (D:13)
21 creatures vanquished.

Grand Total: 508 creatures vanquished

Notes
Turn   | Place    | Note
-------+----------+-------------------------------------------
     0 | D:1      | t4s4d4r the Gargoyle Earth Elementalist began the quest for
                  | the Orb.
     0 | D:1      | Reached XP level 1. HP: 10/10 MP: 3/3
   216 | D:1      | Reached XP level 2. HP: 8/15 MP: 1/5
   688 | D:1      | Reached XP level 3. HP: 12/19 MP: 4/7
   802 | D:1      | Learned a level 3 spell: Stone Arrow
  1214 | D:1      | Reached skill level 4 in Earth Magic
  1712 | D:2      | Found a shadowy altar of Dithmenos.
  1813 | D:2      | Noticed Jessica
  1825 | D:2      | Reached skill level 1 in Conjurations
  1825 | D:2      | Reached XP level 4. HP: 24/24 MP: 5/8
  1826 | D:2      | Killed Jessica
  2290 | D:2      | Reached skill level 5 in Earth Magic
  2318 | D:2      | Noticed an ogre
  2346 | D:2      | Killed an ogre
  2346 | D:2      | Reached XP level 5. HP: 28/28 MP: 4/9
  2416 | D:2      | Learned a level 5 spell: Lee's Rapid Deconstruction
  2584 | D:2      | Reached skill level 6 in Earth Magic
  2875 | D:3      | Reached XP level 6. HP: 31/32 MP: 8/10
  3343 | D:3      | Reached skill level 1 in Fighting
  4066 | D:4      | Reached XP level 7. HP: 41/41 MP: 7/11
  4337 | D:4      | Noticed Robin
  4347 | D:4      | Killed Robin
  4892 | D:4      | Reached skill level 5 in Fighting
  4918 | D:4      | Found a runed translucent door.
  4919 | D:4      | Noticed Crazy Yiuf
  4926 | D:4      | Killed Crazy Yiuf
  5017 | D:5      | Entered Level 5 of the Dungeon
  5079 | D:5      | Noticed RatmanManrat's ghost (novice MiBe)
  5178 | D:5      | Reached skill level 7 in Earth Magic
  5437 | D:5      | Reached skill level 8 in Earth Magic
  5437 | D:5      | Reached XP level 8. HP: 24/49 MP: 0/12
  5647 | D:5      | Found a runed translucent gate.
  5647 | D:5      | Found a runed translucent gate.
  5647 | D:5      | Found a runed translucent gate.
  5661 | D:5      | Found an ornate altar of the Wu Jian Council.
  5793 | D:5      | Found a deep blue altar of Sif Muna.
  6082 | D:6      | Found a runed translucent door.
  6289 | D:5      | Reached skill level 9 in Earth Magic
  6714 | D:6      | Reached skill level 10 in Earth Magic
  6910 | D:6      | Found an iron altar of Okawaru.
  6913 | D:6      | Noticed Menkaure
  6917 | D:6      | Killed Menkaure
  6991 | D:6      | Found a basalt altar of Yredelemnul.
  7219 | D:6      | Found a bloodstained altar of Trog.
  7317 | D:6      | Noticed bmj180's ghost (novice MiFi)
  7351 | D:7      | Reached skill level 11 in Earth Magic
  7484 | D:7      | Reached XP level 9. HP: 41/54 MP: 6/13
  7486 | D:7      | Found Johit's Jewellery Emporium.
  7504 | D:7      | Bought a +3 amulet of reflection for 172 gold pieces
  7609 | D:7      | Found a staircase to the Ecumenical Temple.
  7616 | Temple   | Entered the Ecumenical Temple
  8630 | D:8      | Reached skill level 12 in Earth Magic
  8857 | D:8      | Reached skill level 1 in Evocations
  8975 | D:8      | Noticed a cyclops
  9461 | D:8      | Reached XP level 10. HP: 63/63 MP: 9/15
 10031 | D:8      | Killed a cyclops
 10031 | D:8      | Reached skill level 5 in Stealth
 11521 | D:9      | Found an iron altar of Okawaru.
 11521 | D:9      | Found a glowing golden altar of the Shining One.
 11556 | D:9      | Found a burning altar of Makhleb.
 11557 | D:9      | Found a radiant altar of Vehumet.
 11560 | D:9      | Reached skill level 5 in Spellcasting
 11566 | D:9      | Became a worshipper of Makhleb the Destroyer
 12160 | D:9      | Killed an unseen horror
 12324 | D:10     | Entered Level 10 of the Dungeon
 12466 | D:9      | Reached * piety under Makhleb
 12466 | D:9      | Reached XP level 11. HP: 59/71 MP: 2/19
 12692 | D:10     | Killed an unseen horror
 12943 | D:10     | Noticed a wolf spider
 13359 | D:10     | Reached skill level 1 in Staves
 13469 | D:10     | Noticed a two-headed ogre
 13478 | D:10     | Killed a two-headed ogre
 13592 | D:10     | Found a staircase to the Orcish Mines.
 13647 | D:10     | Noticed a two-headed ogre
 13647 | D:10     | Identified the ring of Xoblonn {Ice rN++ MP+9 Str+2 Dex-2}
 13657 | D:10     | Killed a two-headed ogre
 13658 | D:10     | Reached skill level 5 in Staves
 13696 | D:9      | Reached ** piety under Makhleb
 14082 | D:10     | Found a snail-covered altar of Cheibriados.
 14603 | D:9      | Learned a level 5 spell: Borgnjor's Vile Clutch
 14952 | D:11     | Reached skill level 13 in Earth Magic
 14960 | D:11     | Noticed a five-headed hydra
 15124 | D:11     | Killed a five-headed hydra
 15245 | D:11     | Reached XP level 12. HP: 77/77 MP: 9/21
 15310 | D:11     | Reached *** piety under Makhleb
 15881 | D:11     | Found a staircase to the Lair.
 16527 | D:12     | Noticed a two-headed ogre
 16535 | D:12     | Killed a two-headed ogre
 16760 | D:12     | Noticed a two-headed ogre
 16768 | D:12     | Reached skill level 5 in Necromancy
 16863 | D:11     | Killed a two-headed ogre
 17243 | D:12     | Reached skill level 14 in Earth Magic
 17681 | D:13     | Found a flagged portal.
 17747 | Bailey   | Entered a bailey
 17778 | Bailey   | Reached **** piety under Makhleb
 18159 | D:13     | Noticed a centaur warrior
 18172 | D:13     | Killed a centaur warrior
 18233 | D:13     | Found a runed translucent gate.
 18238 | D:13     | Found a runed translucent gate.
 18314 | D:13     | Found a runed translucent gate.
 18315 | D:13     | Noticed Exporg's ghost (journeyman HOBe)
 18315 | D:13     | Noticed dhn's ghost (journeyman MiFi)
 18411 | D:13     | Reached skill level 5 in Invocations
 18426 | D:13     | Reached XP level 13. HP: 82/82 MP: 15/22
 18664 | D:13     | Noticed a yaktaur captain
 18683 | D:13     | Killed a yaktaur captain
 18841 | D:13     | Found a gate to the Vaults.
 18854 | D:13     | Noticed Rupert
 18865 | D:13     | Paralysed by Rupert for 2 turns
 19109 | D:14     | Reached ***** piety under Makhleb
 19201 | D:14     | Noticed Nessos
 19729 | D:14     | Reached skill level 10 in Invocations
 19916 | D:14     | Killed Nessos
 19916 | D:14     | Reached skill level 10 in Fighting
 20690 | D:15     | Entered Level 15 of the Dungeon
 21401 | D:15     | Gained mutation: Your large and strong wings let you fly
                  | indefinitely. [Gargoyle growth]
 21401 | D:15     | Reached XP level 14. HP: 88/88 MP: 11/23
 21801 | D:15     | Found a basalt altar of Yredelemnul.
 21802 | D:15     | Found a white marble altar of Elyvilon.
 21802 | D:15     | Found a shattered altar of Ashenzari.
 23102 | D:15     | Shot with a bolt by a yaktaur captain

Skill      XL: |  1  2  3  4  5  6  7  8  9 10 11 12 13 14 |
---------------+-------------------------------------------+-----
Spellcasting   | 3 5 6 7 |  7.4
Earth Magic    | 4 5 6 8 11 12 13 14 | 14.2
Conjurations   | 1 2 3 |  3.2
Fighting       | 3 5 7 9 10 | 10.9
Evocations     | 2 4 |  4.4
Stealth        | 4 7 |  7.1
Staves         | 5 |  5.8
Necromancy     | 2 6 |  6.6
Invocations    | 5 11 13 | 13.3
Dodging        | |  1.5
Transmutations | |  0.7

Action                   |  1- 3 |  4- 6 |  7- 9 | 10-12 | 13-15 || total
-------------------------+-------+-------+-------+-------+-------++-------
Melee: Dagger            |   122 |       |       |       |       ||   122
       Club              |       |   163 |   134 |       |       ||   297
       Flail             |       |       |    18 |    82 |       ||   100
       Staff             |       |       |       |   164 |   233 ||   397
Throw: Stone             |       |       |       |     1 |     3 ||     4
 Cast: Sandblast         |    24 |    43 |    81 |    68 |     9 ||   225
       Stone Arrow       |       |     5 |    41 |   206 |    77 ||   329
       Lee's Rapid Decon |       |       |     6 |    22 |    34 ||    62
       Borgnjor's Vile C |       |       |       |    19 |    31 ||    50
 Abil: Fly               |       |       |       |       |     1 ||     1
  Use: Scroll            |       |     1 |     7 |    12 |       ||    20
 Stab: Sleeping          |     3 |     5 |     3 |     2 |       ||    13
       Distracted        |       |       |       |     1 |     1 ||     2
  Eat: Chunk             |     3 |     7 |    20 |    32 |    16 ||    78
       Ration            |       |       |     1 |     5 |     6 ||    12
Armor: Robe              |    76 |    83 |   116 |    61 |       ||   336
       Steam dragon scal |       |       |       |   171 |   187 ||   358
Dodge: Dodged            |    92 |   178 |   170 |   275 |   131 ||   846
Block: Other             |       |       |     5 |    38 |    28 ||    71
       Reflection        |       |       |       |     9 |     1 ||    10
